 Dungeon Crawl Stone Soup version 0.30-b1-2-g02819fbbbe (webtiles) character file.

Game seed: 6974341543228866954

101 DavidChitty2 the Shield-Bearer (level 4, 0/29 HPs)
             Began as a Gargoyle Fighter on May 9, 2023.
             Slain by an orc
             ... wielding a +0 hand axe
              (4 damage)
             ... on level 2 of the Dungeon.
             The game lasted 00:02:12 (2428 turns).

DavidChitty2 the Shield-Bearer (Gargoyle Fighter)   Turns: 2428, Time: 00:02:13

Health: 0/29       AC: 10    Str: 21    XL:     4   Next: 75%
Magic:  4/4        EV:  9    Int:  9    God:
Gold:   126        SH:  4    Dex:  9    Spells: 3/3 levels left

rFire   . . .        a - +0 flail
rCold   . . .        c - +0 buckler
rNeg    + . .        b - +0 scale mail
rPois   ∞            (no helmet)
rElec   +            (no cloak)
rCorr   .            (no gloves)
SInv    .            (no boots)
Will    .....        (no amulet) Stlth
                     (no ring)
HPRegen 0.24/turn    (no ring)
MPRegen 0.09/turn

%: no passive effects
@: no status effects
A: sickness immunity, AC +3, negative energy resistance 1, electricity
resistance, torment resistance 1, petrification resistance
a: no special abilities


You were on level 2 of the Dungeon.
You visited 1 branch of the dungeon, and saw 3 of its levels.

You collected 126 gold pieces.

Inventory:

Hand Weapons
 a - a +0 flail (weapon)
Armour
 b - a +0 scale mail (worn)
 c - a +0 buckler (worn)
Jewellery
 e - an amulet of magic regeneration
   (You found it on level 1 of the Dungeon)
Scrolls
 g - 3 scrolls of amnesia {unknown}
 i - 2 scrolls of fear {unknown}
 j - 3 scrolls of identify {unknown}
 l - a scroll of silence {unknown}
Potions
 d - a potion of might
 f - 2 potions of flight {unknown}
 h - a potion of cancellation {unknown}
 k - 2 potions of curing {unknown}
 m - a potion of invisibility {unknown}


   Skills:
 + Level 3.9 Fighting
 * Level 3.4 Maces & Flails
 + Level 3.9 Armour
 + Level 3.9 Shields


You had 3 spell levels left.
You didn't know any spells.
Your spell library contained the following spells:

 Spells                   Type           Power      Damage    Failure   Level
 Necrotise                Necr           0%         1d4       78%         1
 Vampiric Draining        Necr           0%         2d6       98%         3
 Agony                    Necr           0%         N/A       100%        5


Dungeon Overview and Level Annotations

Branches:
Dungeon (3/15)

Altars:


Innate Abilities, Weirdness & Mutations

You are immune to sickness and miasma.
Your stone body is resilient. (AC +3)
You are immune to poison.
You resist negative energy. (rN+)
You are resistant to electric shocks. (rElec)
You are resistant to unholy torment.
You are immune to petrification.


Message History

You climb downwards.
The orc closely misses you. You block the orc's attack.
An orc wizard comes into view. It is wielding a +2 vampiric dagger.
The orc hits you with a +0 hand axe. The orc hits you but does no damage.
The orc barely misses you.
The orc wizard moves out of view.
There is a stone staircase leading up here.
You hit the orc but do no damage. The orc barely misses you.
The orc hits you but does no damage.
An orc comes into view. It is wielding a +0 hand axe.
The orc misses you.
The orc shouts!
You hear a shout! x2
The orc hits you but does no damage. x2; The orc closely misses you.
You hear a shout!
You climb upwards.
There is a stone staircase leading down here.
You hit the orc. The orc closely misses you. The orc hits you with a +0 club.
The orc completely misses you.
You hit the orc. The orc barely misses you.
The orc hits you but does no damage. The orc hits you with a +0 hand axe.
The orc barely misses you. You block the orc's attack.
The orc closely misses you.
You closely miss the orc. The orc hits you with a +0 club.
The orc hits you but does no damage. The orc hits you with a +0 hand axe.
You closely miss the orc. The orc hits you but does no damage.
The orc closely misses you. x2
You hit the orc.
You kill the orc!
The orc hits you with a +0 club. The orc hits you with a +0 hand axe.
* * * LOW HITPOINT WARNING * * *
You hit the orc. The orc hits you but does no damage.
The orc hits you with a +0 hand axe.
* * * LOW HITPOINT WARNING * * *
You hit the orc.
You kill the orc!
The orc closely misses you. The orc completely misses you.
The orc attacks as you move away! The orc hits you but does no damage.
Things that are here:
a +0 club; a +0 ring mail; an orc corpse You hit the orc.
The orc barely misses you.
You hit the orc but do no damage. The orc closely misses you.
You barely miss the orc. The orc hits you but does no damage.
The orc hits you with a +0 hand axe.
* * * LOW HITPOINT WARNING * * *
You barely miss the orc. The orc misses you.
You closely miss the orc. The orc barely misses you.
You barely miss the orc. The orc barely misses you.
You closely miss the orc. The orc hits you but does no damage.
You hit the orc but do no damage. You block the orc's attack.
The orc hits you but does no damage.
You hit the orc. The orc hits you with a +0 hand axe.
You die...

..#.##.# #####.##≈≈§≈..≈≈§≈##.
.##.##.# #......##≈≈≈..≈≈§###.
###.##.# #.###.######§'######.
.##..#.# #.# #.#....)......##.
.###.#.# ###.###.##.###.#....##.
.###)#.# #..............#.#####.
.......# #.#.##†#########'## #.
####.### #.#.##o# ##...## ##
###.# #.#..)@# ##.....## ##)#.#
#.####.## ###.......##
#)...######.###...###..........##
...<..................PP♣......'.
#....##########...#..P.♣♣..♣P..##
##.#.# ###.#..♣P♣♣♣♣♣♣♣..# ###.#
#...P.♣♣♣♣♣P♣♣P...# ♣♣♣♣
#.#.#..P..♣P♣.P#### ♣♣.♣♣
#.#...#...PPP'##


You could see an orc.

Vanquished Creatures
  3 adders (D:2)
  A worm (D:3)
  A dart slug (D:3)
  3 orcs
  2 bats (D:2)
  3 endoplasms (D:1)
  5 giant cockroaches
  4 hobgoblins
  8 jackals (D:2)
  5 quokkas
  5 ball pythons (D:1)
  3 frilled lizards
  8 goblins
  3 kobolds
  6 rats
60 creatures vanquished.

Notes
Turn   | Place    | Note
-------+----------+-------------------------------------------
     0 | D:1      | DavidChitty2 the Gargoyle Fighter began the quest for the
                  | Orb.
     0 | D:1      | Reached XP level 1. HP: 14/14 MP: 1/1
   216 | D:1      | Reached XP level 2. HP: 19/19 MP: 2/2
  1098 | D:2      | Reached XP level 3. HP: 23/23 MP: 3/3
  1541 | D:2      | Reached XP level 4. HP: 29/29 MP: 4/4
  2428 | D:2      | Slain by an orc

Illustrated notes

Levels and vault maps discovered:
D:1:      dpeg_arrival_arbitrary_a, layout_basic
D:2:      kennysheep_big_flooded_room, layout_loops_corners, serial_forest,
          infiniplex_forest_zigzag_1, infiniplex_forest_zigzag_1,
          infiniplex_forest_lined_1, infiniplex_forest_lined_4_way,
          infiniplex_forest_join, infiniplex_forest_end_2,
          infiniplex_forest_zigzag_1, infiniplex_forest_lined_corner,
          infiniplex_forest_clump_long, chequers_avenue
D:3:      layout_rooms, fiery_altar_vehumet, mainiacjoe_overflow_cross_hatched,
          mainiacjoe_overflow_small_starburst, uniq_ijyb

Skill      XL: |  1  2  3 |
---------------+----------+-----
Maces & Flails | 3 |  3.4
Fighting       | |  3.9
Armour         | |  3.9
Shields        | |  3.9

Action                     |  1- 3 |  4- 6 || total
---------------------------+-------+-------++-------
  Melee: Flail             |   111 |   109 ||   220
 Armour: Scale mail        |    50 |    76 ||   126
  Dodge: Dodged            |    50 |    97 ||   147
  Block: Buckler           |    25 |    31 ||    56
